 Dungeon Crawl Stone Soup version 0.28-a0-863-g8cecda6153 (webtiles) character file.

Game seed: 18340048863284813937

1894 ytrimaz the Cleaver (level 9, -4/71 HPs)
             Began as a Formicid Fighter on Nov 17, 2021.
             Shot with an arrow by a centaur (11 damage)
             ... on level 6 of the Dungeon.
             The game lasted 00:08:01 (7436 turns).

ytrimaz the Cleaver (Formicid Fighter)              Turns: 7436, Time: 00:08:01

Health: -4/71      AC:  7    Str: 24    XL:     9   Next: 37%
Magic:  3/3        EV: 10    Int:  8    God:
Gold:   346        SH:  0    Dex: 10    Spells: 8/8 levels left

rFire   + . .      SeeInvis +   h - +2 war axe (antimagic)
rCold   . . .      Faith    .   c - +1 buckler
rNeg    . . .      Spirit   .   b - +0 scale mail
rPois   .          Reflect  .   (helmet unavailable)
rElec   .          Harm     .   (no cloak)
rCorr   .          Rampage  .   (no gloves)
Will    .....                   (no boots)
Stlth   ..........              s - amulet of the acrobat
HPRegen 0.21/turn               f - ring of protection from fire
MPRegen 0.08/turn               (no ring)

@: confused, ambrosia-drunk, studying Short Blades, very slow
A: permanent stasis, dig shafts and tunnels, antennae 3, four strong arms
a: Dig, Shaft Self


You were on level 6 of the Dungeon.
You visited 2 branches of the dungeon, and saw 7 of its levels.
You also visited: Sewer.

You collected 346 gold pieces.

Inventory:

Hand Weapons
 e - a +4 flail
 h - a +2 antimagic war axe (weapon)
Missiles
 t - 13 poisoned darts
Armour
 b - a +0 scale mail (worn)
 c - a +1 buckler (worn)
Jewellery
 f - a ring of protection from fire (left hand)
 p - a ring of fire
 s - an amulet of the acrobat (around neck)
Wands
 a - a wand of mindburst (10)
 l - a wand of flame (14)
Scrolls
 i - 2 scrolls of fog
 j - a scroll of fear {unknown}
 m - a scroll of amnesia
Potions
 d - 2 potions of might
 g - a potion of cancellation {unknown}
 k - 2 potions of brilliance {unknown}
 o - a potion of curing {unknown}
 q - a potion of mutation {unknown}
 r - a potion of invisibility {unknown}
 u - 2 potions of haste {unknown}
 v - 2 potions of heal wounds {unknown}


   Skills:
 + Level 6.4 Fighting
 + Level 9.1 Axes
 + Level 6.8 Armour
 - Level 3.8 Shields


You had 8 spell levels left.
You didn't know any spells.
Your spell library contained the following spells:

 Spells                   Type           Power      Damage    Failure   Level
 Foxfire                  Conj/Fire      0%         2x1d4     67%         1
 Sandblast                Erth           0%         2d4       67%         1
 Summon Small Mammal      Summ           0%         N/A       67%         1
 Passwall                 Tmut/Erth      0%         N/A       82%         2
 Call Canine Familiar     Summ           0%         N/A       96%         3
 Conjure Flame            Conj/Fire      0%         6-21      96%         3
 Inner Flame              Hex/Fire       0%         N/A       96%         3
 Stone Arrow              Conj/Erth      0%         3d7       96%         3
 Summon Guardian Golem    Hex/Summ       0%         N/A       96%         3
 Flame Wave               Conj/Fire      0%         3d3       100%        4
 Sticky Flame             Conj/Fire      0%         2d3       100%        4
 Fireball                 Conj/Fire      0%         3d3       100%        5
 Yara's Violent Unravell  Hex/Tmut       0%         3d3       100%        5


Dungeon Overview and Level Annotations

Branches:
Dungeon (6/15)             Temple (1/1) D:6           Sewer (visited)

Altars:
Ashenzari
Elyvilon
Gozag
Hepliaklqana
Kikubaaqudgha
Makhleb
Nemelex Xobeh
Okawaru
Ru
Trog
Uskayaw
Vehumet
Wu Jian
Xom
Yredelemnul
Zin
The Shining One

Annotations:
D:3 3 runed translucent doors, a11behringer's ghost, amateur HOFi; croobank's ghost, amateur FoEE


Innate Abilities, Weirdness & Mutations

You cannot be hasted, slowed, berserked, paralysed or teleported.
You can dig through walls and to a lower floor.
You have a pair of large antennae on your head. (SInv)
Your four strong arms can wield two-handed weapons with a shield.


Message History

You block the water moccasin skeleton's attack.
Your unstable footing causes you to fumble your attack.
The centaur shoots an arrow.
The arrow hits you!
* * * LOW HITPOINT WARNING * * *
The water moccasin skeleton closely misses you.
The centaur shoots an arrow.
The arrow hits you!
* * * LOW HITPOINT WARNING * * *
Unknown command.
You are confused.
You feel invigorated.
The water moccasin skeleton bites you but does no damage.
Unknown command.
Unknown command.
You hit the water moccasin skeleton.
The water moccasin skeleton is lightly damaged.
The centaur shoots an arrow.
The arrow barely misses you.
The water moccasin skeleton barely misses you.
The centaur shoots an arrow.
The arrow completely misses you.
The water moccasin skeleton barely misses you.
You nearly stumble into some deep water!
The centaur shoots an arrow.
The arrow hits you!
* * * LOW HITPOINT WARNING * * *
The water moccasin skeleton misses you.
You nearly stumble into some deep water!
You feel less invigorated.
You feel less confused.
The centaur shoots an arrow.
The arrow completely misses you. The water moccasin skeleton bites you.
* * * LOW HITPOINT WARNING * * *
The centaur shoots an arrow.
The arrow hits you.
* * * LOW HITPOINT WARNING * * *
You slash the water moccasin skeleton!
The water moccasin skeleton is heavily damaged.
The water moccasin skeleton closely misses you.
The centaur shoots an arrow.
The arrow hits you.
* * * LOW HITPOINT WARNING * * *
Unknown command.
You are confused.
You feel invigorated.
The centaur shoots an arrow.
The arrow hits you!
You die...

. .## .# #..## #≈≈≈≈≈≈≈≈≈
..###.... #≈≈≈≈≈≈≈≈≈ ...#...# .##
#≈≈≈≈≈≈≈≈≈≈ #.....# ..##
#≈≈≈≈≈...≈≈≈ ##.>.#####..#
#≈≈≈≈≈...≈≈≈≈≈
#.....#.....###≈≈≈≈≈c..≈≈≈≈≈
...#.).#....#..≈≈≈≈≈≈≈≈≈≈≈≈≈#
..###.......#..≈@≈≈≈≈≈≈≈≈≈≈≈# .#
#.#......#..≈Z≈≈≈≈≈≈≈≈≈≈≈# .
#...##...#..≈≈≈≈≈≈≈≈≈≈≈≈≈#####
#...##...#..≈≈≈≈≈≈≈≈≈≈≈≈≈#....
..........'........<......+....
............#........(......#....
............#......÷........#....
...###########...##.####...##....
... ##..)##.####...##....


You could see a centaur and a water moccasin skeleton.

Vanquished Creatures
  Eustachio (D:4)
  Menkaure (D:6)
  2 ice beasts (D:6)
  4 ogres
  A centaur (D:6)
  A bullfrog (D:5)
  4 kobold brigands (Sewer)
  A scorpion (D:5)
  A water moccasin skeleton (D:4)
  A centaur skeleton (D:5)
  A hound (D:6)
  3 orc priests
  An iguana (D:4)
  Jessica (D:2)
  An orc wizard (D:3)
  Natasha (thrice) (D:2)
  A killer bee zombie (D:4)
  Robin (D:2)
  2 river rats (Sewer)
  9 adders
  2 ufetubi
  5 worms
  2 dart slugs
  11 orcs
  12 ball pythons
  2 bats
  10 endoplasms
  7 giant cockroaches
  15 goblins
  10 hobgoblins
  8 jackals
  7 quokkas
  5 frilled lizards
  15 kobolds
  12 rats
163 creatures vanquished.

Vanquished Creatures (collateral kills)
  An endoplasm (D:3)
1 creature vanquished.

Grand Total: 164 creatures vanquished

Notes
Turn   | Place    | Note
-------+----------+-------------------------------------------
     0 | D:1      | ytrimaz the Formicid Fighter began the quest for the Orb.
     0 | D:1      | Reached XP level 1. HP: 18/18 MP: 1/1
   294 | D:1      | Reached XP level 2. HP: 24/24 MP: 2/2
   627 | D:1      | Reached XP level 3. HP: 30/30 MP: 1/3
  1234 | D:2      | Reached skill level 3 in Axes
  1240 | D:2      | Reached XP level 4. HP: 35/37 MP: 1/4
  1267 | D:2      | Noticed Natasha
  1275 | D:2      | Killed Natasha
  1324 | D:2      | Noticed Natasha
  1330 | D:2      | Killed Natasha
  1331 | D:2      | Reached XP level 5. HP: 27/42 MP: 1/5
  1442 | D:2      | Noticed Jessica
  1454 | D:2      | Killed Jessica
  1455 | D:2      | Reached skill level 4 in Axes
  1622 | D:2      | Noticed Robin
  1633 | D:2      | Killed Robin
  1699 | D:2      | Noticed Natasha
  1708 | D:2      | Killed Natasha
  2485 | D:2      | Found a faded altar of an unknown god.
  2644 | D:3      | Reached XP level 6. HP: 48/48 MP: 2/6
  2897 | D:3      | Found a runed translucent gate.
  2898 | D:3      | Found a runed translucent gate.
  2898 | D:3      | Found a runed translucent gate.
  2899 | D:3      | Noticed croobank's ghost (amateur FoEE)
  2900 | D:3      | Noticed a11behringer's ghost (amateur HOFi)
  3019 | D:3      | Noticed an ogre
  3032 | D:3      | Killed an ogre
  3033 | D:3      | Reached skill level 5 in Axes
  3175 | D:3      | Found a faded altar of an unknown god.
  3180 | D:3      | Found a glowing silver altar of Zin.
  3204 | D:3      | Reached XP level 7. HP: 34/55 MP: 2/7
  3780 | D:4      | Found an opulent altar of Gozag.
  4067 | D:4      | Noticed Eustachio
  4077 | D:4      | Killed Eustachio
  4078 | D:4      | Reached skill level 6 in Axes
  4335 | D:4      | Reached skill level 5 in Fighting
  4335 | D:4      | Reached skill level 5 in Armour
  5002 | D:5      | Entered Level 5 of the Dungeon
  5070 | D:5      | Reached XP level 8. HP: 57/62 MP: 2/8
  5082 | D:5      | Got the Tome of Changing and Ignition
  5187 | D:5      | Reached skill level 7 in Axes
  5202 | D:5      | Found a glowing drain.
  5234 | Sewer    | Entered a sewer
  6801 | D:5      | Reached skill level 8 in Axes
  7059 | D:6      | Noticed Menkaure
  7065 | D:6      | Reached XP level 9. HP: 69/69 MP: 3/9
  7066 | D:6      | Killed Menkaure
  7151 | D:6      | Found a staircase to the Ecumenical Temple.
  7169 | Temple   | Entered the Ecumenical Temple
  7334 | D:6      | Reached skill level 9 in Axes
  7433 | D:6      | HP: 3/71 [centaur/arrow (12)]
  7436 | D:6      | Shot with an arrow by a centaur

Illustrated notes

Levels and vault maps discovered:
D:1:      dpeg_arrival_rooms_with_view, layout_loops_ring
D:2:      minmay_skewed_foursquare, layout_basic,
          shapermc_ecumenical_altar_pompeii, serial_co_window_serial,
          co_window_corner_a, co_window_paths_a, co_window_corner_a,
          co_window_paths_b, co_window_corner_a, co_window_broadway_a,
          co_window_2corner, co_window_broadway_b, co_window_corner_b,
          co_window_paths_d, glass_columns_a, uniq_jessica, uniq_robin,
          uniq_natasha
D:3:      layout_basic, nicolae_overflow_ecumenical_swirl,
          gammafunk_ghost_cemetery, chequers_avenue
D:4:      layout_loops_corners, nicolae_gozag_seed_capital, uniq_eustachio
D:5:      layout_gridville, portal_sewer_entry_f, nicolae_wormholes
D:6:      nicolae_whirlpool, layout_gridville,
          grunt_dithmenos_smoke_and_mirrors, mainiacjoe_overflow_cross_hatched,
          minmay_temple_entry_arrows, uniq_menkaure
Temple:   eino_wide_crystal_templ

Skill      XL: |  1  2  3  4  5  6  7  8  9 |
---------------+----------------------------+-----
Axes           | 3 4 5 6 8 9 |  9.1
Fighting       | 4 5 6 |  6.4
Armour         | 4 5 6 |  6.8
Shields        | |  3.8

Action                   |  1- 3 |  4- 6 |  7- 9 || total
-------------------------+-------+-------+-------++-------
Melee: War axe           |    76 |    90 |   280 ||   446
 Abil: Dig               |     4 |       |     1 ||     5
  Use: Scroll            |       |     1 |     9 ||    10
       Potion            |       |       |     2 ||     2
Armor: Scale mail        |    35 |    33 |    76 ||   144
Dodge: Dodged            |    43 |    39 |   180 ||   262
Block: Buckler           |    19 |    24 |    86 ||   129

Table legend: (Time is in decaauts)
 A = Elapsed time spent in this place.
 B = Non-inter-level travel time spent in this place.
 C = Inter-level travel time spent in this place.
 D = Time resting spent in this place.
 E = Time spent auto-exploring this place.
 F = Levels seen in this place.
 G = Mean time per level.
                   A        B        C        D        E       F      G
               +--------+--------+--------+--------+--------+-----+--------+
         Total |   7692 |   7557 |    135 |   1075 |   5065 |   8 |  961.5 |
       Dungeon |   6123 |   5996 |    127 |    640 |   4249 |   6 | 1020.5 |
        Temple |    104 |     96 |      8 |      0 |     84 |   1 |  104.0 |
         Sewer |   1464 |   1464 |      0 |    435 |    732 |   1 | 1464.0 |
               +--------+--------+--------+--------+--------+-----+--------+

Top non-repeatable levels by time:
     D:2: 1608 daAuts
   Sewer: 1464 daAuts
     D:4: 1251 daAuts
     D:3: 1161 daAuts
     D:1: 1047 daAuts
     D:5: 736 daAuts
     D:6: 318 daAuts
  Temple: 104 daAuts
